 Dungeon Crawl Stone Soup version 0.30-a0-1155-gf8af5b4991 (webtiles) character file.

Game seed: 2363210548693615585

452 FlurksSlurper the Poker (level 6, -2/44 HPs)
             Began as a Demonspawn Brigand on Apr 24, 2023.
             Slain by an ogre
             ... wielding a +0 giant club
              (18 damage)
             ... on level 4 of the Dungeon.
             The game lasted 00:08:44 (3371 turns).

FlurksSlurper the Poker (Demonspawn Brigand)        Turns: 3371, Time: 00:08:47

Health: -2/44      AC:  8    Str: 11 (12) XL:     6   Next: 75%
Magic:  10/10      EV:  8    Int: 12 (14) God:
Gold:   88         SH:  0    Dex: 15 (17) Spells: 11/11 levels left

rFire   x . .        a - +7 spear "FlurksSlurper's Peril" {heavy, rF- rC++ Dex+3}
rCold   + + .        g - orb {mayhem}
rNeg    . . .        h - +0 scale mail
rPois   .            (no helmet)
rElec   .            c - +0 cloak
rCorr   .            (no gloves)
SInv    .            (no boots)
Will    .....        (no amulet)
Stlth   +            (no ring)
HPRegen 0.27/turn    (no ring)
MPRegen 0.12/turn

%: mayhem
@: no status effects
A: spiny 1, sharp scales 1, weakness stinger 1
a: no special abilities


You were on level 4 of the Dungeon.
You visited 1 branch of the dungeon, and saw 4 of its levels.

You collected 88 gold pieces.

Inventory:

Hand Weapons
 a - the +7 spear "FlurksSlurper's Peril" (weapon) {heavy, rF- rC++ Dex+3}
   (You found it on level 3 of the Dungeon)

   Dex:       It affects your dexterity (+3).
   rF:        It makes you vulnerable to fire.
   rC:        It greatly protects you from cold.
 r - a +2 dagger
Missiles
 d - 5 poisoned darts (quivered)
 e - 4 boomerangs of dispersal
Armour
 c - a +0 cloak (worn)
 g - an orb of mayhem (worn)
 h - a +0 scale mail (worn)
 t - an orb of guile
Jewellery
 b - an amulet of faith
 p - a ring of willpower
Wands
 l - a wand of quicksilver (10)
Scrolls
 i - 2 scrolls of teleportation {unknown}
 k - a scroll of magic mapping {unknown}
 m - a scroll of noise {unknown}
 n - 2 scrolls of poison {unknown}
 s - a scroll of acquirement {unknown}
 v - a scroll of torment {unknown}
Potions
 f - a potion of resistance
 j - a potion of might
 o - a potion of invisibility
 q - a potion of lignification {unknown}
 u - a potion of curing
 w - a potion of attraction


   Skills:
 - Level 2.0 Fighting
 - Level 1.7 Short Blades
 + Level 5.2 Polearms
 - Level 1.7 Throwing
 - Level 0.8 Dodging
 - Level 3.6 Stealth
 + Level 3.3 Spellcasting


You had 11 spell levels left.
You didn't know any spells.
Your spell library was empty.

Dungeon Overview and Level Annotations

Branches:
Dungeon (4/15)
 Temple: D:4-7

Altars:

Shops:
D:3 *


Innate Abilities, Weirdness & Mutations

You are partially covered in sharp spines.
You are partially covered in razor-sharp scales. (AC +1, Slay +1)
You have a small tail.


Message History

The ball python is struck by your spines.
You kill the ball python!
The ogre shouts!
You hear an angry hiss.
A ball python comes into view.
You see here a quokka corpse.
Throw: 9 darts (poison)
Press: ? - help, Shift-Dir - straight line, f - ogre
Aim: an ogre, wielding a +0 giant club (75% to hit)
You throw a poisoned dart.
The poisoned dart barely misses the ogre.
Unknown command.
Throw: 8 darts (poison)
Press: ? - help, Shift-Dir - straight line, f/p - ogre
Aim: an ogre, wielding a +0 giant club (75% to hit)
You throw a poisoned dart. The poisoned dart hits the ogre.
The ogre is poisoned.
Unknown command.
Throw: 7 darts (poison)
Press: ? - help, Shift-Dir - straight line, f/p - ogre
Aim: an ogre, wielding a +0 giant club (poisoned, 75% to hit)
You throw a poisoned dart. The poisoned dart hits the ogre.
The ogre looks even sicker.
Unknown command.
Throw: 6 darts (poison)
Press: ? - help, Shift-Dir - straight line, f/p - ogre
Aim: an ogre, wielding a +0 giant club (very poisoned, 75% to hit)
You throw a poisoned dart. The poisoned dart hits the ogre.
The ogre looks even sicker.
The ball python closely misses you.
The ball python is struck by your spines.
You kill the ball python!
The ogre flies into a frenzy!
You puncture the ogre!
The ogre is heavily wounded.
The ogre is struck by your spines.
The ogre hits you with a +0 giant club!!
Ouch! That really hurt!
The ogre is struck by your spines.
The ogre hits you with a +0 giant club!!
You die...

..###...###.#....#
.....###.. #.[...#
..###.
....#....#####
##.. ..#...###.(#
# ...
#.###.#.(.###
.....#
##...##(....# ..
#. #.#....#(....
#.....#O†## #
#....#.@..# ..
#...##.........
... #.###
#......[.. ... ##
.#..###... .
#....# .. #..... #
###...# ....#


You could see a neutral ogre (fast, strong, insane, very poisoned).

Vanquished Creatures
  A black bear (D:3)
  2 gnoll boudas
  2 orc priests
  A sleepcap (D:4)
  2 orc wizards (D:4)
  6 gnolls
  4 adders
  4 dart slugs
  5 orcs
  8 endoplasms
  2 giant cockroaches
  5 goblins
  7 hobgoblins
  9 kobolds
  3 quokkas
  6 ball pythons
  7 bats
  2 frilled lizards (D:1)
  8 rats
84 creatures vanquished.

Vanquished Creatures (collateral kills)
  An orc (D:3)
  A hobgoblin (D:1)
  A kobold (D:4)
3 creatures vanquished.

Vanquished Creatures (others)
  A gnoll (D:4)
  A frilled lizard (D:1)
2 creatures vanquished.

Grand Total: 89 creatures vanquished

Notes
Turn   | Place    | Note
-------+----------+-------------------------------------------
     0 | D:1      | FlurksSlurper the Demonspawn Brigand began the quest for
                  | the Orb.
     0 | D:1      | Reached XP level 1. HP: 16/16 MP: 1/1
   105 | D:1      | Reached skill level 1 in Spellcasting
   276 | D:1      | Gained mutation: You have a small tail. [demonic ancestry]
   276 | D:1      | Reached XP level 2. HP: 22/22 MP: 2/4
   733 | D:1      | Reached XP level 3. HP: 18/27 MP: 6/6
   915 | D:1      | Found a faded altar of an unknown god.
  1932 | D:3      | Identified the +7 spear "FlurksSlurper's Peril" {heavy, rF-
                  | rC++ Dex+3}
  2004 | D:3      | Reached skill level 1 in Polearms
  2004 | D:3      | Reached XP level 4. HP: 33/33 MP: 8/8
  2315 | D:3      | Found Kuefeso's General Store.
  2370 | D:3      | Reached skill level 2 in Polearms
  2691 | D:4      | Noticed a black bear
  2699 | D:4      | Gained mutation: You are partially covered in razor-sharp
                  | scales. (AC +1, Slay +1) [demonic ancestry]
  2699 | D:4      | Reached XP level 5. HP: 13/38 MP: 9/9
  2710 | D:3      | Killed a black bear
  2711 | D:3      | Reached skill level 3 in Polearms
  3018 | D:3      | Reached skill level 4 in Polearms
  3018 | D:3      | Gained mutation: You are partially covered in sharp spines.
                  | [demonic ancestry]
  3018 | D:3      | Reached XP level 6. HP: 41/44 MP: 10/10
  3175 | D:4      | Reached skill level 5 in Polearms
  3371 | D:4      | Slain by an ogre

Illustrated notes

Levels and vault maps discovered:
D:1:      dpeg_arrival_short_road, layout_loops_corners,
          shapermc_ecumenical_altar_petra
D:2:      minmay_evil_eye, layout_loops_ring, grunt_ministairs_14
D:3:      layout_loops_ring, serial_shops, nicolae_square_shop,
          minmay_misc_feat_tower
D:4:      nicolae_BIG_FREAKIN_CUBE, layout_cave_pools

Skill      XL: |  1  2  3  4  5  6 |
---------------+-------------------+-----
Spellcasting   | 1 2 3 |  3.3
Polearms       | 1 2 4 5 |  5.2
Fighting       | |  2.0
Short Blades   | |  1.7
Throwing       | |  1.7
Dodging        | |  0.8
Stealth        | |  3.6

Action                     |  1- 3 |  4- 6 || total
---------------------------+-------+-------++-------
  Melee: Dagger            |   144 |       ||   144
         Tailslap          |    12 |     5 ||    17
         Spear             |     2 |    65 ||    67
  Throw: Dart              |     1 |    14 ||    15
  Evoke: Wand              |       |     1 ||     1
    Use: Potion            |       |     7 ||     7
   Stab: Sleeping          |     7 |     1 ||     8
         Distracted        |       |     1 ||     1
 Armour: Robe              |     6 |       ||     6
         Scale mail        |    81 |    36 ||   117
  Dodge: Dodged            |    88 |    52 ||   140

Table legend: (Time is in decaauts)
 A = Elapsed time spent in this place.
 B = Non-inter-level travel time spent in this place.
 C = Inter-level travel time spent in this place.
 D = Time resting spent in this place.
 E = Time spent auto-exploring this place.
 F = Levels seen in this place.
 G = Mean time per level.
                   A        B        C        D        E       F      G
               +--------+--------+--------+--------+--------+-----+--------+
         Total |   3372 |   3272 |    100 |    238 |   2286 |   4 |  843.0 |
       Dungeon |   3372 |   3272 |    100 |    238 |   2286 |   4 |  843.0 |
               +--------+--------+--------+--------+--------+-----+--------+

Top non-repeatable levels by time:
     D:2: 1045 daAuts
     D:1: 999 daAuts
     D:3: 951 daAuts
     D:4: 376 daAuts
